 Dungeon Crawl Stone Soup version 0.31-a0-1612-g4aaf141004 (webtiles) character file.

Game seed: 3348105406262003945

49 dorian the Covered (level 3, -1/31 HPs)
             Began as an Armataur Berserker on Jan 9, 2024.
             Was a Believer of Trog.
             Slain by an ogre
             ... wielding a +0 giant club
              (14 damage)
             ... on level 3 of the Dungeon.
             The game lasted 00:01:08 (1524 turns).

dorian the Covered (Armataur Berserker)             Turns: 1524, Time: 00:01:09

Health: -1/31      AC:  9    Str: 24    XL:     3   Next: 51%
Magic:  3/3        EV:  5    Int:  7    God:    Trog [**....]
Gold:   67         SH:  0    Dex:  9    Spells: 2/2 levels left

rFire   . . .        a - +0 mace
rCold   . . .        (no shield)
rNeg    . . .        f - +0 plate armour
rPois   .            (no helmet)
rElec   .            (no cloak)
rCorr   .            (no gloves)
SInv    .            (no barding)
Will    .....        (no amulet) Stlth
                     (no ring)
HPRegen 0.25/turn    (no ring)
MPRegen 0.08/turn

%: roll
@: no status effects
A: large, deformed body, tough skin 3, armoured tail, roll 1
a: Renounce Religion, Berserk, Trog's Hand


You were on level 3 of the Dungeon.
You worshipped Trog.
Trog was pleased with you.
You visited 1 branch of the dungeon, and saw 3 of its levels.

You collected 67 gold pieces.

Inventory:

Hand Weapons
 a - a +0 mace (weapon)
Missiles
 p - 6 boomerangs (quivered)
Armour
 b - a +0 animal skin
 f - a +0 plate armour (worn)
Scrolls
 d - a scroll of teleportation {unknown}
 e - a scroll of revelation {unknown}
 g - 3 scrolls of identify {unknown}
 h - a scroll of poison {unknown}
 i - a scroll of silence {unknown}
 j - a scroll of immolation {unknown}
 l - a scroll of vulnerability {unknown}
 n - a scroll of fog {unknown}
Potions
 c - a potion of heal wounds {unknown}
 k - 2 potions of degeneration {unknown}
 m - 2 potions of ambrosia {unknown}
 o - a potion of invisibility {unknown}


   Skills:
 + Level 3.3 Fighting
 + Level 3.2 Maces & Flails
 + Level 3.4 Armour
 - Level 1.3 Dodging


You had 2 spell levels left.
You didn't know any spells.
Your spell library was empty.

Dungeon Overview and Level Annotations

Branches:
Dungeon (3/15)

Altars:


Innate Abilities, Weirdness & Mutations

Armour fits poorly on your strangely shaped body.
You have extremely tough skin. (AC +3)
You have a long armoured tail.
You regenerate magic when rolling toward enemies. (Rampage MPRegen)


Message History

Trog accepts your kill.
A ball python is nearby!
A ball python is nearby!
You roll towards the ball python!
Found a stone staircase leading down.
The ball python bites you but does no damage.
A ball python is nearby!
You closely miss the ball python.
The ball python bites you but does no damage.
A ball python is nearby!
You barely miss the ball python. The ball python barely misses you.
A ball python is nearby!
You sock the ball python!
You kill the ball python!
Trog accepts your kill.
You see here a ball python corpse.
An ogre comes into view. It is wielding a +0 giant club.
The ogre shouts!
A hobgoblin comes into view.
The hobgoblin shouts!
The ogre barely misses you.
The hobgoblin moves out of view.
You hit the ogre.
The ogre is lightly wounded.
There are monsters nearby!
You hit the ogre but do no damage.
The ogre is lightly wounded.
The ogre hits you with a +0 giant club!
There are monsters nearby!
You hit the ogre.
Your tail-slap misses the ogre.
The ogre is lightly wounded.
The ogre hits you with a +0 giant club!
There are monsters nearby!
You hit the ogre. You tail-slap the ogre!
The ogre is severely wounded.
The ogre barely misses you.
There are monsters nearby!
You hit the ogre but do no damage.
The ogre is severely wounded.
The hobgoblin hits you but does no damage.
The ogre hits you with a +0 giant club!
You die...

.. .# # .# .#
.# .. ##.# .#
##.. .##.#
#..#...... #
#.@O..# ..#
#.#g##.# ....
#†#.#
.....##.#.###..
...............
.....##.######.
>.^. #.# ###
#.# #)#


You could see an ogre and a hobgoblin.

Vanquished Creatures
  A dart slug (D:2)
  6 ball pythons
  3 bats
  2 endoplasms
  3 giant cockroaches
  6 hobgoblins
  2 jackals (D:1)
  A quokka (D:1)
  A frilled lizard (D:2)
  3 goblins
  6 kobolds (D:1)
  7 rats
41 creatures vanquished.

Notes
Turn   | Place    | Note
-------+----------+-------------------------------------------
     0 | D:1      | dorian the Armataur Berserker began the quest for the Orb.
     0 | D:1      | Reached XP level 1. HP: 18/18 MP: 1/1
   108 | D:1      | Reached XP level 2. HP: 24/25 MP: 2/2
   684 | D:2      | Reached XP level 3. HP: 31/31 MP: 3/3
   767 | D:2      | Reached ** piety under Trog
  1518 | D:3      | Noticed an ogre
  1524 | D:3      | Slain by an ogre

Illustrated notes

Levels and vault maps discovered:
D:1:      dpeg_arrival_rooms_a, layout_basic, nicolae_eternal_life,
          lexackson_kobold_supper
D:2:      layout_loops_corners
D:3:      layout_loops_ring, ebering_ecumenical_altar_hall

Skill      XL: |  1  2 |
---------------+-------+-----
Fighting       | 3 |  3.3
Maces & Flails | 3 |  3.2
Armour         | 3 |  3.4
Dodging        | |  1.3

Action                     || total
---------------------------++-------
  Melee: Mace              ||    92
         Tailslap          ||    10
         Punch             ||     1
   Stab: Sleeping          ||     1
 Armour: Animal skin       ||    27
         Plate armour      ||    52
  Dodge: Dodged            ||    31

Table legend: (Time is in decaauts)
 A = Elapsed time spent in this place.
 B = Non-inter-level travel time spent in this place.
 C = Inter-level travel time spent in this place.
 D = Time resting spent in this place.
 E = Time spent auto-exploring this place.
 F = Levels seen in this place.
 G = Mean time per level.
                   A        B        C        D        E       F      G
               +--------+--------+--------+--------+--------+-----+--------+
         Total |   1546 |   1423 |    123 |      0 |   1185 |   3 |  515.3 |
       Dungeon |   1546 |   1423 |    123 |      0 |   1185 |   3 |  515.3 |
               +--------+--------+--------+--------+--------+-----+--------+

Top non-repeatable levels by time:
     D:2: 831 daAuts
     D:1: 692 daAuts
     D:3: 22 daAuts
